 Dungeon Crawl Stone Soup version 0.29-a0-271-gd4eb659eea (webtiles) character file.

Game seed: 9509015323659047060

119 Ordine the Skirmisher (level 5, -2/33 HPs)
             Began as a Gargoyle Fighter on Mar 8, 2022.
             Blown up by Ijyb (14 damage)
             ... with a mindburst bolt
             ... on level 3 of the Dungeon.
             The game lasted 00:04:15 (1822 turns).

Ordine the Skirmisher (Gargoyle Fighter)            Turns: 1822, Time: 00:04:16

Health: -2/33      AC: 12    Str: 20    XL:     5   Next: 3%
Magic:  5/5        EV: 13    Int:  8    God:
Gold:   101        SH:  5    Dex: 17    Spells: 4/4 levels left

rFire   . . .      SeeInvis .   a - +0 flail
rCold   . . .      Faith    .   c - +0 buckler
rNeg    + . .      Spirit   .   b - +0 scale mail
rPois   ∞          Reflect  .   (no helmet)
rElec   +          Harm     .   (no cloak)
rCorr   .          Rampage  .   (no gloves)
Will    .....                   n - +0 pair of boots
Stlth   ..........              (no amulet)
HPRegen 0.11/turn               i - +4 ring of evasion
MPRegen 0.09/turn               p - +6 ring of dexterity

@: mighty
A: sickness immunity, AC +4, negative energy resistance 1, electricity
resistance, torment resistance 1, petrification resistance
a: no special abilities


You were on level 3 of the Dungeon.
You visited 1 branch of the dungeon, and saw 3 of its levels.

You collected 101 gold pieces.

Inventory:

Hand Weapons
 a - a +0 flail (weapon)
Armour
 b - a +0 scale mail (worn)
 c - a +0 buckler (worn)
 l - a scarf of harm
 n - a +0 pair of boots (worn)
Jewellery
 i - a +4 ring of evasion (left hand)
 m - a ring of resist corrosion
 p - a +6 ring of dexterity (right hand)
Wands
 o - a wand of flame (21)
Scrolls
 e - a scroll of fog {unknown}
 f - a scroll of amnesia {unknown}
 g - 3 scrolls of acquirement {unknown}
 h - a scroll of enchant armour {unknown}
 j - 4 scrolls of identify {unknown}
 k - 2 scrolls of teleportation {unknown}
Potions
 d - a potion of might


   Skills:
 + Level 4.1 Fighting
 * Level 3.8 Maces & Flails
 - Level 3.2 Armour
 + Level 4.1 Shields


You had 4 spell levels left.
You didn't know any spells.
Your spell library contained the following spells:

 Spells                   Type           Power      Damage    Failure   Level
 Gell's Gravitas          Tloc           0%         N/A       99%         3
 Teleport Other           Tloc           0%         N/A       99%         3
 Dispersal                Tloc           0%         N/A       100%        6


Dungeon Overview and Level Annotations

Branches:
Dungeon (3/15)

Altars:

Annotations:
D:3 Ijyb


Innate Abilities, Weirdness & Mutations

You are immune to sickness and miasma.
Your stone body is resilient. (AC +4)
You are immune to poison.
You resist negative energy. (rN+)
You are resistant to electric shocks. (rElec)
You are resistant to unholy torment.
You are immune to petrification.


Message History

No target in view!
No target in view!
No target in view!
HP restored.
You now have 83 gold pieces (gained 4).
Things that are here:
a +0 club; 3 poisoned darts; a kobold corpse You now have 101 gold pieces (gained 18).
A hobgoblin comes into view.
Found a stone staircase leading up.
Found a purple potion and a scroll labelled SIUTTA YDINNICS.
You closely miss the hobgoblin. You block the hobgoblin's attack.
You barely miss the hobgoblin. You block the hobgoblin's attack. x2
You sock the hobgoblin!
You kill the hobgoblin!
No target in view!
k - 2 scrolls labelled UZXESUIQOCEU (gained 1) Ijyb the Twisted Goblin comes into view.
She is wielding a +0 club and carrying a wand of mindburst (17).
Found 2 poisoned darts.
There is a stone staircase leading up here.
Ijyb zaps a wand.
Your mind is blasted!
Ijyb zaps a wand.
Your mind is blasted!
You feel very mighty all of a sudden. Ijyb closely misses you.
You hit Ijyb.
Ijyb is lightly wounded.
Ijyb misses you.
You hit Ijyb.
Ijyb is moderately wounded.
Ijyb hits you but does no damage.
You hit Ijyb but do no damage.
Ijyb is moderately wounded.
Ijyb screams, "I no like you!" Ijyb misses you.
Ijyb screams, "It's all mine!"
Ijyb hits you but does no damage.
You hit Ijyb.
Ijyb is heavily wounded.
Ijyb zaps a wand.
Your mind is blasted!
You die...

#################
#....g@..<.....(.
#.#######.#####.#
#.#####.#
.######........
...............
.######.#####.#.#?
#....†.....!
##..###.#... #..#


You could see Ijyb.

Vanquished Creatures
  Natasha (thrice) (D:2)
  2 worms (D:2)
  A ball python (D:2)
  3 endoplasms
  3 giant cockroaches
  3 goblins
  7 hobgoblins
  3 jackals (D:2)
  3 kobolds
  4 quokkas
  2 rats
34 creatures vanquished.

Notes
Turn   | Place    | Note
-------+----------+-------------------------------------------
     0 | D:1      | Ordine the Gargoyle Fighter began the quest for the Orb.
     0 | D:1      | Reached XP level 1. HP: 14/14 MP: 1/1
   493 | D:1      | Reached XP level 2. HP: 19/19 MP: 2/2
  1107 | D:2      | Reached XP level 3. HP: 23/23 MP: 3/3
  1273 | D:2      | Noticed Natasha
  1280 | D:2      | Killed Natasha
  1301 | D:2      | Noticed Natasha
  1309 | D:2      | Killed Natasha
  1310 | D:2      | Reached XP level 4. HP: 21/29 MP: 4/4
  1314 | D:2      | Noticed Natasha
  1322 | D:2      | Killed Natasha
  1769 | D:2      | You fall into a shaft and drop 1 floor!
  1774 | D:3      | Reached XP level 5. HP: 33/33 MP: 5/5
  1813 | D:3      | Noticed Ijyb
  1822 | D:3      | Blown up by Ijyb

Illustrated notes

Levels and vault maps discovered:
D:1:      dpeg_arrival_water_fire, layout_basic
D:2:      layout_basic, serial_curves, eino_curves_04, eino_curves_01,
          shapermc_ecumenical_altar_pompeii, uniq_natasha
D:3:      layout_loops_ring, nicolae_overflow_crystal_walls,
          mainiacjoe_overflow_cross_hatched, uniq_ijyb

Skill      XL: |  1  2  3 |
---------------+----------+-----
Maces & Flails | 3 |  3.8
Fighting       | 4 |  4.1
Shields        | 4 |  4.1
Armour         | |  3.2

Action                   |  1- 3 |  4- 6 || total
-------------------------+-------+-------++-------
Melee: Flail             |    80 |    41 ||   121
  Use: Potion            |       |     1 ||     1
Armor: Scale mail        |    36 |    11 ||    47
Dodge: Dodged            |    56 |    24 ||    80
Block: Buckler           |    14 |     9 ||    23

Table legend: (Time is in decaauts)
 A = Elapsed time spent in this place.
 B = Non-inter-level travel time spent in this place.
 C = Inter-level travel time spent in this place.
 D = Time resting spent in this place.
 E = Time spent auto-exploring this place.
 F = Levels seen in this place.
 G = Mean time per level.
                   A        B        C        D        E       F      G
               +--------+--------+--------+--------+--------+-----+--------+
         Total |   1860 |   1823 |     37 |      0 |   1519 |   3 |  620.0 |
       Dungeon |   1860 |   1823 |     37 |      0 |   1519 |   3 |  620.0 |
               +--------+--------+--------+--------+--------+-----+--------+

Top non-repeatable levels by time:
     D:1: 1005 daAuts
     D:2: 798 daAuts
     D:3: 56 daAuts
